 Dungeon Sprint DCSS version 0.22.1-2-g9c5b331 (webtiles) character file.

3565 diana the Carver (level 9, -17/79 HPs)
             Began as a Demonspawn Gladiator on Nov 30, 2018.
             Was the Champion of Jiyva.
             Hit by a steel javelin thrown by a merfolk javelineer (23 damage)
             ... in the Dungeon (Sprint VII: "The Pits").
             The game lasted 00:07:06 (859 turns).

diana the Carver (Demonspawn Gladiator)              Turns: 859, Time: 00:07:06

Health: -17/79     AC: 11    Str: 20    XL:     9   Next: 84%
Magic:  9/9        EV: 16    Int:  8    God:    Jiyva [******]
Gold:   0          SH:  0    Dex: 14    Spells: 8/8 levels left

rFire    + . .     SeeInvis .   q - +1 long sword (flame)
rCold    . . .     Gourm    .   (no shield)
rNeg     . . .     Faith    .   r - +3 scale mail
rPois    .         Spirit   .   (helmet restricted)
rElec    .         Reflect  .   (no cloak)
rCorr    +         Harm     .   y - +0 pair of gloves
MR       .....     NoTele   +   z - +0 pair of boots
Stlth    +.........             (no amulet)
HPRegen  0.63/turn              (no ring)
MPRegen  0.11/turn              (no ring)

@: berserk cooldown, very slightly contaminated
A: fangs 1, horns 1, fire resistance 1, nightstalker 1, regeneration 1,
pseudopods 1, flame cloud immunity
a: Request Jelly, Slimify, Cure Bad Mutation, Renounce Religion


You were in the Dungeon.
You worshipped Jiyva.
Jiyva was exalted by your worship.
You were full.

You visited 1 branch

Inventory:

Hand Weapons
 a - a +0 long sword
 l - a +2 falchion
 q - a +1 long sword of flaming (weapon)
 u - a +2 scimitar of holy wrath
Missiles
 d - 3 throwing nets (quivered)
Armour
 b - a +0 leather armour
 c - a +0 helmet
 r - a +3 scale mail (worn)
 s - a +3 chain mail
 x - a +3 plate armour
 y - a +0 pair of gloves (worn)
 z - a +0 pair of boots (worn)
Jewellery
 t - a +3 ring of evasion
 v - a +3 ring of intelligence
Scrolls
 n - 3 scrolls of remove curse
 o - 5 scrolls of amnesia
 p - a scroll of summoning
Potions
 e - 6 potions of curing
 g - 8 potions of heal wounds
 h - 3 potions of haste
 i - 4 potions of magic
 j - 3 potions of berserk rage
 m - 2 potions of invisibility
 w - a potion of agility
Comestibles
 f - 9 rations


   Skills:
 + Level 10.5 Fighting
 * Level 13.3 Long Blades
 - Level 1.7 Throwing
 + Level 9.5 Armour
 + Level 9.9 Dodging


You had 8 spell levels left.
You didn't know any spells.
Your spell library was empty.

Dungeon Overview and Level Annotations

Branches:
Dungeon (1/1)

Altars:
Ashenzari
Cheibriados
Dithmenos
Elyvilon
Fedhas
Gozag
Hepliaklqana
Kikubaaqudgha
Makhleb
Nemelex Xobeh
Okawaru
Qazlal
Ru
Sif Muna
Trog
Uskayaw
Vehumet
Wu Jian
Xom
Yredelemnul
Zin
The Shining One
Beogh
Jiyva
Lugonu


Innate Abilities, Weirdness & Mutations

You have a pair of small horns on your head.
Your flesh is heat resistant. (rF+)
You are slightly more attuned to the shadows.
You are immune to clouds of flame.
You have very sharp teeth.
Your natural rate of healing is unusually fast.
Armour fits poorly on your pseudopods.


Message History

You slash the jumping spider! You burn the jumping spider.
You kill the jumping spider!
The merfolk misses you.
You riposte.
You hit the merfolk. You burn the merfolk. Your bite misses the merfolk.
The merfolk is severely wounded.
Unknown command.
You hit the merfolk. You burn the merfolk.
The merfolk is severely wounded.
You closely miss the merfolk.
The merfolk is severely wounded.
The merfolk hits you with a morningstar!!
* * * LOW HITPOINT WARNING * * *
You shudder from the blow and a jelly pops out!
Unknown command.
The merfolk throws a tomahawk of returning.
The tomahawk of returning closely misses you.
The weapon returns to the merfolk!
The merfolk javelineer throws a steel javelin.
The steel javelin hits you!!
You die...

############# ############
............s #_________.#
............. #_________.#
#######++####
#_______...###########'+####
##########'##...............
#.?(.')).'.##......#..#.....
##########.##..m............
#.)).......@.m..............
#'#####'#####J.....#..#.....
#.#...#.#{.##...............
#.#...#.#..#####'#####''####
#.#...J.#..##.......##''#
#.##'####.J##.......##....
#.#.....#..##.......##....#
#.#.....#'###...<...##Y..##
#.#........##.......##5.##


You could see a merfolk javelineer, a merfolk and a friendly azure jelly.

Vanquished Creatures
  A lindwurm (D)
  3 yaktaurs (D)
  A merfolk (D)
  A jumping spider (D)
  3 redbacks (D)
  A tarantella (D)
  A vampire mosquito (D)
  2 water moccasins (D)
  An ice beast (D)
  5 wolves (D)
  A necrophage (D)
  An ogre (D)
  A scorpion (D)
  2 quasits (D)
  A hound (D)
  A gnoll shaman (D)
  A worker ant (D)
  2 adders (D)
  3 gnolls (D)
  A white imp (D)
  An ufetubus (D)
  A leopard gecko (D)
  3 orcs (D)
  A goblin (D)
  A kobold (D)
  2 bats (D)
  A frilled lizard (D)
43 creatures vanquished.

Vanquished Creatures (collateral kills)
  A flayed ghost (D)
  A redback (D)
2 creatures vanquished.

Vanquished Creatures (others)
  An eye of devastation (D)
  A gargoyle (D)
  12 jellies (D)
  A gnoll (D)
  A jackal (D)
  A quokka (D)
17 creatures vanquished.

Grand Total: 62 creatures vanquished

Notes
Turn   | Place    | Note
-------+----------+-------------------------------------------
     0 | D        | diana the Demonspawn Gladiator began the quest for the Orb.
     0 | D        | Reached XP level 1. HP: 16/16 MP: 1/1
    14 | D        | Reached skill level 3 in Long Blades
    19 | D        | Found a bloodstained altar of Trog.
    19 | D        | Found a deep blue altar of Sif Muna.
    19 | D        | Found a viscous altar of Jiyva.
    19 | D        | Found a hazy altar of Hepliaklqana.
    19 | D        | Found an opulent altar of Gozag.
    20 | D        | Found a glowing golden altar of the Shining One.
    20 | D        | Found a glowing silver altar of Zin.
    20 | D        | Found a basalt altar of Yredelemnul.
    20 | D        | Found a shimmering altar of Xom.
    20 | D        | Found an ornate altar of the Wu Jian Council.
    20 | D        | Found a sacrificial altar of Ru.
    20 | D        | Found a stormy altar of Qazlal.
    20 | D        | Found an iron altar of Okawaru.
    20 | D        | Found a sparkling altar of Nemelex Xobeh.
    20 | D        | Found a burning altar of Makhleb.
    20 | D        | Found a blossoming altar of Fedhas.
    20 | D        | Found a white marble altar of Elyvilon.
    20 | D        | Found a shadowy altar of Dithmenos.
    20 | D        | Found a snail-covered altar of Cheibriados.
    22 | D        | Found a corrupted altar of Lugonu.
    22 | D        | Found a radiant altar of Vehumet.
    22 | D        | Found a roughly hewn altar of Beogh.
    24 | D        | Became a worshipper of Jiyva Jininamn the Shapeless
    32 | D        | Reached * piety under Jiyva
    32 | D        | Reached ** piety under Jiyva
    70 | D        | Noticed a worker ant
    80 | D        | Killed a worker ant
    80 | D        | Reached skill level 4 in Long Blades
    80 | D        | Gained mutation: Your flesh is heat resistant. (rF+)
                  | [demonic ancestry]
    80 | D        | Reached XP level 2. HP: 4/24 MP: 2/2
    81 | D        | Reached XP level 3. HP: 15/29 MP: 3/3
   102 | D        | Reached *** piety under Jiyva
   102 | D        | Gained mutation: You are agile. (Dex +2) [Jiyva's grace]
   103 | D        | Gained mutation: You are covered in slimy tendrils that may
                  | disarm your opponents. [Jiyva's grace]
   103 | D        | Reached **** piety under Jiyva
   121 | D        | Lost mutation: You are agile. (Dex +2) [Jiyva's grace]
   121 | D        | Reached ***** piety under Jiyva
   123 | D        | Gained mutation: Your system is resistant to poisons.
                  | (rPois) [Jiyva's grace]
   124 | D        | Gained mutation: Your flesh is cold resistant. (rC+)
                  | [Jiyva's grace]
   127 | D        | Gained mutation: You have a beak for a mouth. [Jiyva's
                  | grace]
   128 | D        | Reached ****** piety under Jiyva
   130 | D        | Gained mutation: You are agile. (Dex +2) [Jiyva's grace]
   132 | D        | Gained mutation: Your natural rate of healing is unusually
                  | fast. [Jiyva's grace]
   134 | D        | Gained mutation: Armour fits poorly on your pseudopods.
                  | [Jiyva's grace]
   135 | D        | Gained mutation: You have a pair of small antennae on your
                  | head. [Jiyva's grace]
   137 | D        | Gained mutation: Your body has grown golden eyes which may
                  | confuse attackers. (Acc +3) [Jiyva's grace]
   138 | D        | Gained mutation: You have a small jelly attached to you
                  | that senses nearby items. [Jiyva's grace]
   140 | D        | Lost mutation: You are agile. (Dex +2) [Jiyva's grace]
   143 | D        | Gained mutation: You are clumsy. (Dex -2) [Jiyva's grace]
   147 | D        | Gained mutation: Your spells are a little harder to cast,
                  | but a little more powerful. [Jiyva's grace]
   150 | D        | Lost mutation: Your body has grown golden eyes which may
                  | confuse attackers. (Acc +3) [Jiyva's grace]
   151 | D        | Lost mutation: You have a beak for a mouth. [Jiyva's grace]
   151 | D        | Gained mutation: You have very sharp teeth. [Jiyva's grace]
   152 | D        | Gained mutation: You have sharp fingernails. [Jiyva's
                  | grace]
   154 | D        | Lost mutation: You are clumsy. (Dex -2) [Jiyva's grace]
   154 | D        | Lost mutation: Your spells are a little harder to cast, but
                  | a little more powerful. [Jiyva's grace]
   158 | D        | Lost mutation: Your system is resistant to poisons. (rPois)
                  | [Jiyva's grace]
   158 | D        | Gained mutation: You have a small jelly attached to you
                  | that may absorb incoming projectiles. [Jiyva's grace]
   159 | D        | Gained mutation: Your body sometimes deteriorates upon
                  | taking damage. [Jiyva's grace]
   160 | D        | Lost mutation: Your body sometimes deteriorates upon taking
                  | damage. [Jiyva's power]
   193 | D        | Noticed a necrophage
   207 | D        | Reached skill level 5 in Long Blades
   207 | D        | Reached XP level 4. HP: 31/37 MP: 1/4
   220 | D        | Killed a necrophage
   220 | D        | Reached skill level 5 in Fighting
   220 | D        | Reached skill level 6 in Long Blades
   220 | D        | Reached skill level 5 in Dodging
   220 | D        | Lost mutation: You have a pair of small antennae on your
                  | head. [demonic ancestry]
   220 | D        | Gained mutation: You have a pair of small horns on your
                  | head. [demonic ancestry]
   220 | D        | Reached XP level 5. HP: 38/44 MP: 2/5
   257 | D        | Reached skill level 7 in Long Blades
   329 | D        | Gained mutation: You are slightly more attuned to the
                  | shadows. [demonic ancestry]
   329 | D        | Reached XP level 6. HP: 46/52 MP: 6/6
   332 | D        | Noticed a water moccasin
   344 | D        | Killed a water moccasin
   344 | D        | Reached skill level 8 in Long Blades
   344 | D        | Reached skill level 5 in Armour
   427 | D        | Noticed a flayed ghost
   432 | D        | Killed a flayed ghost
   432 | D        | Reached skill level 10 in Long Blades
   432 | D        | Gained mutation: You are immune to clouds of flame.
                  | [demonic ancestry]
   432 | D        | Reached XP level 7. HP: 18/61 MP: 7/7
   494 | D        | Noticed a lindwurm
   503 | D        | Killed a lindwurm
   503 | D        | Reached XP level 8. HP: 49/69 MP: 5/8
   532 | D        | Reached skill level 11 in Long Blades
   690 | D        | Found a hide-covered altar of Uskayaw.
   690 | D        | Found an ancient bone altar of Kikubaaqudgha.
   690 | D        | Found a shattered altar of Ashenzari.
   727 | D        | Lost mutation: You have sharp fingernails. [Jiyva's grace]
   770 | D        | Gained mutation: You are frail. (-10% HP) [Jiyva's grace]
   779 | D        | Lost mutation: Your flesh is cold resistant. (rC+) [Jiyva's
                  | grace]
   780 | D        | Lost mutation: You are frail. (-10% HP) [Jiyva's power]
   782 | D        | Gained mutation: You have sharp toenails. [Jiyva's grace]
   788 | D        | Lost mutation: You have a small jelly attached to you that
                  | senses nearby items. [Jiyva's grace]
   790 | D        | Noticed a large abomination
   790 | D        | Noticed a yaktaur
   790 | D        | Noticed a yaktaur
   790 | D        | Noticed a merfolk
   791 | D        | Noticed an anaconda
   792 | D        | Gained mutation: You are robust. (+10% HP) [Jiyva's grace]
   793 | D        | Killed a yaktaur
   793 | D        | Reached XP level 9. HP: 64/84 MP: 9/9
   793 | D        | Reached skill level 12 in Long Blades
   802 | D        | Killed a merfolk
   804 | D        | Killed a yaktaur
   804 | D        | Noticed a yaktaur
   806 | D        | Reached skill level 10 in Fighting
   806 | D        | Noticed an eye of devastation
   811 | D        | Noticed a merfolk
   811 | D        | Lost mutation: You have a small jelly attached to you that
                  | may absorb incoming projectiles. [Jiyva's grace]
   812 | D        | Noticed a merfolk javelineer
   825 | D        | Killed a yaktaur
   826 | D        | Lost mutation: You are robust. (+10% HP) [Jiyva's grace]
   827 | D        | Killed a gargoyle
   827 | D        | Killed an eye of devastation
   830 | D        | Reached skill level 13 in Long Blades
   835 | D        | Lost mutation: You have sharp toenails. [Jiyva's grace]
   848 | D        | Noticed a jumping spider
   853 | D        | Lost mutation: You are covered in slimy tendrils that may
                  | disarm your opponents. [Jiyva's grace]
   856 | D        | Killed a jumping spider
   859 | D        | Hit by a steel javelin thrown by a merfolk javelineer

Skill      XL: |  1  2  3  4  5  6  7  8  9 |
---------------+----------------------------+-----
Long Blades    | 4 5 6 7 10 11 13 | 13.3
Fighting       | 3 4 5 7 8 9 10 | 10.5
Armour         | 2 3 4 6 7 8 9 |  9.5
Dodging        | 3 4 5 7 8 9 |  9.9
Throwing       | |  1.7

Action                   |  1- 3 |  4- 6 |  7- 9 || total
-------------------------+-------+-------+-------++-------
Melee: Falchion          |    29 |       |       ||    29
       Long sword        |     7 |    56 |    73 ||   136
       Pseudopods        |     1 |    20 |    19 ||    40
       Bite              |       |     5 |    13 ||    18
       Headbutt          |       |     8 |    21 ||    29
Invok: Request Jelly     |     1 |     1 |     1 ||     3
       Cure Bad Mutation |     1 |       |     1 ||     2
  Use: Potion            |     2 |       |     4 ||     6
       Scroll            |       |       |     1 ||     1
Armor: Leather armour    |    13 |       |       ||    13
       Scale mail        |     1 |    18 |    34 ||    53
Dodge: Dodged            |    27 |    45 |    65 ||   137
       Rpst.: Falchion   |     7 |       |       ||     7
       Long sword        |     1 |     8 |    24 ||    33
